 Dungeon Crawl Stone Soup version 0.28.0 (webtiles) character file.

Game seed: 16224742138101305392

11 ytrimaz the Skirmisher (level 2, 16/24 HPs)
             Began as a Demonspawn Fighter on Feb 11, 2022.
             Quit the game on level 1 of the Dungeon.
             The game lasted 00:00:21 (365 turns).

ytrimaz the Skirmisher (Demonspawn Fighter)          Turns: 365, Time: 00:00:22

Health: 16/24      AC:  6    Str: 16    XL:     2   Next: 13%
Magic:  2/2        EV:  8    Int:  9    God:
Gold:   37         SH:  4    Dex: 12    Spells: 1/1 levels left

rFire   . . .      SeeInvis .   a - +0 rapier
rCold   . . .      Faith    .   c - +0 buckler
rNeg    . . .      Spirit   .   b - +0 scale mail
rPois   .          Reflect  .   (no helmet)
rElec   .          Harm     .   (no cloak)
rCorr   .          Rampage  .   (no gloves)
Will    .....                   (no boots)
Stlth   ..........              (no amulet)
HPRegen 0.08/turn               (no ring)
MPRegen 0.08/turn               (no ring)

@: no status effects
A: demonic magic 1
a: no special abilities


You were on level 1 of the Dungeon.
You visited 1 branch of the dungeon, and saw 1 of its levels.

You collected 37 gold pieces.

Inventory:

Hand Weapons
 a - a +0 rapier (weapon)
Armour
 b - a +0 scale mail (worn)
 c - a +0 buckler (worn)
Potions
 d - a potion of might
 e - a potion of invisibility {unknown}


   Skills:
 + Level 3.1 Fighting
 + Level 2.0 Short Blades
 + Level 2.9 Armour
 + Level 2.8 Shields


You had one spell level left.
You didn't know any spells.
Your spell library was empty.

Dungeon Overview and Level Annotations

Branches:
Dungeon (1/15)

Altars:


Innate Abilities, Weirdness & Mutations

Spells you cast may paralyse adjacent enemies.


Message History

You block the jackal's attack. The jackal barely misses you. x2
The jackal bites you.
You barely miss the jackal.
The jackal is severely wounded.
The jackal barely misses you. You block the jackal's attack.
The jackal bites you but does no damage.
The jackal barely misses you.
You hit the jackal but do no damage.
The jackal is severely wounded.
The jackal bites you. The jackal barely misses you.
You hit the jackal.
You kill the jackal!
The jackal completely misses you.
The jackal bites you but does no damage.
You have reached level 2!
Your demonic ancestry asserts itself...
A menacing aura infuses your magic.
You closely miss the jackal.
The jackal bites you but does no damage.
The jackal barely misses you. The jackal bites you.
You hit the jackal.
You kill the jackal!
The jackal bites you but does no damage. x2
You barely miss the jackal. You block the jackal's attack. x2
You closely miss the jackal. You block the jackal's attack.
You closely miss the jackal.
The jackal bites you but does no damage.
The jackal barely misses you.
You hit the jackal but do no damage.
The jackal bites you but does no damage.
You closely miss the jackal.
The jackal bites you but does no damage.
The jackal barely misses you.
You closely miss the jackal.
The jackal bites you but does no damage.
The jackal bites you.
You puncture the jackal!
You kill the jackal!
Your Short Blades skill increases to level 2!
Are you sure you want to abandon this character and quit the game? (Confirm with "yes".)

........ .#.# ####..
.#.# #.#######.#
######.#.# #..........
#.... ... #.###.###..
#.#.. .. #.# #.. #.#.#
.# #.# #.. #.#.##.#
#.#####.###..
###.#..@.#
#............
#.....####
#######.####.
##.†#....... ..#.# #.
#..#..##### #.#.# #.
#..#..#########.#.#####
#..#..#................
#..#..#.######.##.#####
#..#..#.#....#.........
#.....#.#.##.#..#.####.


There were no monsters in sight!

Vanquished Creatures
  An endoplasm (D:1)
  2 hobgoblins (D:1)
  4 jackals (D:1)
  A bat (D:1)
  A kobold (D:1)
9 creatures vanquished.

Notes
Turn   | Place    | Note
-------+----------+-------------------------------------------
     0 | D:1      | ytrimaz the Demonspawn Fighter began the quest for the Orb.
     0 | D:1      | Reached XP level 1. HP: 18/18 MP: 1/1
   132 | D:1      | Found a faded altar of an unknown god.
   354 | D:1      | Gained mutation: Spells you cast may paralyse adjacent
                  | enemies. [demonic ancestry]
   354 | D:1      | Reached XP level 2. HP: 19/24 MP: 2/2
   365 | D:1      | Quit the game

Illustrated notes

Levels and vault maps discovered:
D:1:      kilobyte_arrival_exit_the_forest, layout_basic,
          ebering_ecumenical_altar_rust

Skill      XL: |  1  2 |
---------------+-------+-----
Short Blades   | 2 |  2.0
Fighting       | |  3.1
Armour         | |  2.9
Shields        | |  2.8

Action                   || total
-------------------------++-------
Melee: Rapier            ||    39
Armor: Scale mail        ||    16
Dodge: Dodged            ||    24
Block: Buckler           ||    12
